[Event "Titled Tuesday Blitz July 6 2021"]
[White "Mickiewicz, Piotr"]
[Black "Khanin, Semen"]
[WhiteFideId "1114891"]
[BlackFideId "4111990"]
[WhiteElo "2263"]
[BlackElo "2521"]
[Result "0-1"]
[Round "01"]
[TimeControl "180+1"]
[Date "2021.07.06"]
[WhiteClock "0:00:06"]
[BlackClock "0:00:13"]

1. Nf3 g6 2. e4 Bg7 3. Bc4 d6 4. O-O Nf6 5. d3 O-O 6. h3 c6 7. Bb3 a5 8. a4 Na6 9. c3 e5 10. Re1 h6 11. Nbd2 Nh5 12. Nf1 Kh7 13. d4 exd4 14. cxd4 Nb4 15. Be3 f5 16. e5 f4 17. Bd2 Nd3 18. Re2 dxe5 19. dxe5 Bf5 20. Bc3 Qb6 21. e6 Rfe8 22. e7 Ng3 23. Nxg3 fxg3 24. Bf7 Nxf2 25. Qd6 Rad8 26. exd8=Q Rxd8 27. Bd4 Bxd4 28. Qe7 Bg7 29. Bc4 Nxh3+ 30. Kh1 Nf2+ 31. Rxf2 gxf2 32. Ne5 Rd4 33. Nf7 Rxc4 0-1


[Site "https://www.chess.com"]

[Event "Titled Tuesday Blitz July 6 2021"]
[White "Mirzoev, Azer"]
[Black "Bychkov, Vladimir"]
[WhiteFideId "13400304"]
[BlackFideId "24151513"]
[WhiteElo "2525"]
[BlackElo "2308"]
[Result "1-0"]
[Round "01"]
[TimeControl "180+1"]
[Date "2021.07.06"]
[WhiteClock "0:00:18"]
[BlackClock "0:00:12"]

1. c4 c6 2. e4 g6 3. d4 Bg7 4. Nc3 d6 5. Nf3 Nd7 6. Be2 Ngf6 7. O-O O-O 8. Be3 e5 9. d5 Ng4 10. Bg5 f6 11. Bc1 c5 12. a3 a5 13. Rb1 b6 14. Ne1 Nh6 15. b4 axb4 16. axb4 cxb4 17. Rxb4 Nc5 18. Be3 f5 19. f3 fxe4 20. fxe4 Rxf1+ 21. Bxf1 Ng4 22. Bd2 Qh4 23. Nf3 Qf2+ 24. Kh1 Ne3 25. Bxe3 Qxe3 26. Qd2 Qxd2 27. Nxd2 Bh6 28. Ndb1 Be3 29. g3 Bg4 30. Kg2 Rf8 31. Rb2 Bf3+ 32. Kh3 Nxe4 33. Nxe4 Bxe4 34. Bg2 Bf5+ 35. g4 Bd7 36. Kg3 h5 37. gxh5 gxh5 38. Be4 Rf1 39. Na3 Rg1+ 40. Bg2 Bd4 41. Ra2 Rc1 42. Nb5 Bxb5 43. cxb5 Kf7 44. Ra7+ Kf6 45. Be4 Rg1+ 46. Kf3 Bc5 47. Rh7 Rg5 48. h3 Bb4 49. h4 Rg1 50. Rxh5 Re1 51. Rh6+ Kg7 52. Re6 Bc5 53. Bc2 Rf1+ 54. Kg4 Rf4+ 55. Kh3 Rf6 56. h5 Rf4 57. h6+ Kf8 58. h7 Kg7 59. Re7+ Kf8 60. h8=Q+ Kxe7 61. Qg7+ Rf7 62. Qg6 Rf6 63. Qh7+ Rf7 64. Qh5 Rf6 65. Bf5 e4 66. Qh7+ Rf7 67. Qh4+ Rf6 68. Qxe4+ Kd8 69. Kg4 Bd4 70. Qxd4 Rf7 71. Qxb6+ Rc7 72. Qxd6+ Ke8 73. Qxc7 1-0


[Site "https://www.chess.com"]

[Event "Titled Tuesday Blitz July 6 2021"]
[White "Moon_stone123"]
[Black "Ibrahimli, Murad"]
[BlackFideId "13410229"]
[WhiteElo "2415"]
[BlackElo "2109"]
[Result "0-1"]
[Round "01"]
[TimeControl "180+1"]
[Date "2021.07.06"]
[WhiteClock "0:00:20"]
[BlackClock "0:01:18"]

1. Nf3 Nf6 2. g3 g6 3. Bg2 Bg7 4. O-O O-O 5. c4 d6 6. d4 Nc6 7. Nc3 a6 8. Bf4 Nd7 9. d5 Nce5 10. Nxe5 Nxe5 11. Qb3 b5 12. cxb5 axb5 13. Nxb5 Ba6 14. a4 Rb8 15. Rac1 Qd7 16. Qc2 Bxb5 17. axb5 Rfc8 18. Bxe5 Bxe5 19. Qc6 Qxc6 20. Rxc6 Rxb5 21. Rfc1 Rxb2 22. Rxc7 Rxc7 23. Rxc7 Rxe2 24. Rxe7 Kf8 25. Ra7 Bd4 26. Ra8+ Kg7 27. Ra6 Rxf2 28. Kh1 Bc5 29. h4 h5 30. Kh2 f5 31. Rc6 Kf6 32. Rc8 Re2 33. Kh3 Re3 34. Kh2 Rc3 35. Re8 Bf2 36. Re6+ Kf7 37. g4 fxg4 0-1


[Site "https://www.chess.com"]

[Event "Titled Tuesday Blitz July 6 2021"]
[White "Moroni, Luca Jr"]
[Black "Vasli, Aref"]
[WhiteFideId "865834"]
[BlackFideId "417521"]
[WhiteElo "2491"]
[BlackElo "2257"]
[Result "1-0"]
[Round "01"]
[TimeControl "180+1"]
[Date "2021.07.06"]
[WhiteClock "0:00:50"]
[BlackClock "0:00:58"]

1. d4 Nf6 2. c4 e6 3. Nc3 c5 4. Nf3 cxd4 5. Nxd4 Nc6 6. e4 Bb4 7. Nxc6 dxc6 8. Qxd8+ Kxd8 9. e5 Ne4 10. a3 Bxc3+ 11. bxc3 Kc7 12. h4 h5 13. Rh3 Bd7 14. Bd3 Nc5 15. Bc2 b6 16. Bg5 Rae8 17. O-O-O Bc8 18. Rf3 Rhf8 19. Rf4 Ba6 20. Kb2 Nd7 21. Rfd4 Nc5 22. R1d2 f6 23. Bf4 f5 24. Bg5 Rf7 25. Bd1 g6 26. Bf3 Rd7 27. Rd6 Bxc4 28. Rxc6+ Kb8 29. Rxd7 Nxd7 30. Rxc4 Rc8 31. Rxc8+ Kxc8 32. Bf4 Nc5 33. Kc2 Kd7 34. Be2 Kc6 35. f3 b5 36. g4 a5 37. gxh5 gxh5 38. Be3 Nd7 39. f4 1-0


[Site "https://www.chess.com"]

[Event "Titled Tuesday Blitz July 6 2021"]
[White "Morris-Suzuki, Sophie"]
[Black "Assaubayeva, Bibisara"]
[WhiteFideId "30922615"]
[BlackFideId "13708694"]
[WhiteElo "2362"]
[BlackElo "2232"]
[Result "0-1"]
[Round "01"]
[TimeControl "180+1"]
[Date "2021.07.06"]
[WhiteClock "0:00:01"]
[BlackClock "0:00:51"]

1. e4 c5 2. Nf3 d6 3. d4 cxd4 4. Nxd4 Nf6 5. Nc3 a6 6. Bg5 e6 7. f4 Be7 8. Qf3 Qc7 9. O-O-O Nbd7 10. g4 b5 11. Bxf6 Nxf6 12. g5 Nd7 13. f5 O-O 14. f6 gxf6 15. gxf6 Bxf6 16. Rg1+ Kh8 17. e5 Bxe5 18. Qxa8 Bb7 19. Qa7 Ra8 20. Nxe6 fxe6 21. Qe3 Rf8 22. Qh3 b4 23. Bd3 Nc5 24. Ne2 Nxd3+ 25. Rxd3 Be4 26. Rd2 Rc8 27. Qxe6 Bxc2 28. Rg8+ Rxg8 29. Rxc2 Qg7 30. Qxd6 Bxd6 0-1


[Site "https://www.chess.com"]

[Event "Titled Tuesday Blitz July 6 2021"]
[White "Nabaty, Tamir"]
[Black "Martinez Reyes, Pedro Ramon"]
[WhiteFideId "2809052"]
[BlackFideId "3901807"]
[WhiteElo "2627"]
[BlackElo "2398"]
[Result "1-0"]
[Round "01"]
[TimeControl "180+1"]
[Date "2021.07.06"]
[WhiteClock "0:00:51"]
[BlackClock "0:00:03"]

1. e4 c5 2. Nf3 Nc6 3. d4 cxd4 4. Nxd4 g6 5. c4 Qa5+ 6. Bd2 Qb6 7. Bc3 Nf6 8. Nxc6 dxc6 9. Nd2 Bg7 10. Be2 O-O 11. O-O Rd8 12. Qc2 Be6 13. h3 a5 14. Rad1 Nd7 15. Bxg7 Kxg7 16. Qc3+ Kg8 17. Nf3 Qb4 18. Qc2 Nc5 19. Nd4 a4 20. f4 a3 21. b3 Na6 22. f5 Qc5 23. Qc3 Bd7 24. Kh1 Qe5 25. Qe3 Be8 26. Nf3 Qg3 27. c5 Nb4 28. Bc4 Nxa2 29. Qh6 Rxd1 30. Rxd1 Nc3 31. Ng5 Qxg5 32. Qxg5 Nxd1 33. fxg6 hxg6 34. Qxg6+ Kf8 35. Qh6+ Kg8 36. Qg6+ Kf8 37. Qh5 Kg7 38. Qxd1 a2 39. Qa1+ f6 40. e5 1-0


[Site "https://www.chess.com"]

[Event "Titled Tuesday Blitz July 6 2021"]
[White "Nakamura, Hikaru"]
[Black "Garcia, Gabriel Gonzaga"]
[WhiteFideId "2016192"]
[BlackFideId "2138956"]
[WhiteElo "2900"]
[BlackElo "2240"]
[Result "1-0"]
[Round "01"]
[TimeControl "180+1"]
[Date "2021.07.06"]
[WhiteClock "0:01:45"]
[BlackClock "0:00:28"]

1. Nf3 Nf6 2. b3 g6 3. d4 Bg7 4. Bb2 O-O 5. e3 b6 6. Be2 Bb7 7. O-O d5 8. c4 e6 9. Nc3 Nbd7 10. Qc2 c5 11. dxc5 Nxc5 12. Rfd1 Qe7 13. cxd5 Nxd5 14. Nxd5 Bxd5 15. Bxg7 Kxg7 16. Rac1 Rfd8 17. Nd4 Rac8 18. b4 Ne4 19. Qb2 Qf6 20. f3 Rxc1 21. Rxc1 Nd6 22. e4 Bb7 23. e5 Qf4 24. exd6 e5 25. Nc6 Qe3+ 26. Kf1 Bxc6 27. Rxc6 Qf4 28. g3 Qf6 29. b5 Rxd6 30. Rxd6 Qxd6 31. f4 f6 32. fxe5 fxe5 33. Bf3 Qc5 34. Kg2 h5 35. Qe2 Qd4 36. h4 Kf6 37. Be4 Kg7 38. Qc2 g5 39. hxg5 Qe3 40. Qc7+ Kf8 41. Qd8+ Kg7 42. Qf6+ 1-0


[Site "https://www.chess.com"]

[Event "Titled Tuesday Blitz July 6 2021"]
[White "Navalgund, Niranjan"]
[Black "Onyshchuk, Volodymyr"]
[WhiteFideId "5030854"]
[BlackFideId "14114038"]
[WhiteElo "2290"]
[BlackElo "2603"]
[Result "1/2-1/2"]
[Round "01"]
[TimeControl "180+1"]
[Date "2021.07.06"]
[WhiteClock "0:00:16"]
[BlackClock "0:00:31"]

1. d4 d6 2. Nf3 g6 3. c4 Bg7 4. Nc3 e5 5. dxe5 dxe5 6. Qxd8+ Kxd8 7. Bg5+ f6 8. O-O-O Nd7 9. Be3 Nh6 10. Bc5 b6 11. Be3 Ng4 12. Nd5 c6 13. h3 Nxe3 14. Nxe3 Ke7 15. Kb1 Nc5 16. Nd2 f5 17. g3 Be6 18. Bg2 Rac8 19. f4 e4 20. b3 Rhd8 21. Nc2 Bc3 22. Kc1 a5 23. Nb1 Bf6 24. Rxd8 Rxd8 25. Ne3 Bd4 26. Nc2 Bf2 27. g4 b5 28. gxf5 gxf5 29. Rf1 Bg3 30. cxb5 cxb5 31. Nc3 b4 32. Nb5 a4 33. Nbd4 axb3 34. axb3 Nxb3+ 35. Nxb3 Bxb3 36. Nxb4 Kf6 37. Kb2 Bd5 38. Rd1 Ke6 39. Nxd5 Rxd5 40. Rxd5 Kxd5 41. Kc3 Bxf4 42. Kc2 Kd4 43. h4 h5 44. Bh3 Ke5 45. Kd1 Bg3 46. e3 Bxh4 47. Ke2 Bg5 48. Bg2 Bd8 49. Bh3 Kf6 50. Bg2 Kg5 51. Bh3 Bb6 52. Kd2 Bc5 53. Ke2 h4 54. Kd2 f4 55. exf4+ Kxf4 56. Ke2 Kg3 57. Bf5 e3 58. Be4 h3 59. Kf1 Kf4 60. Bd5 Be7 61. Ke2 Bg5 62. Kf1 Ke5 63. Bb7 Kd4 64. Ke2 Ke5 65. Bc8 h2 66. Bb7 Kf4 67. Kf1 Bh4 68. Ke2 Bf2 69. Kf1 Kg3 70. Ke2 Bg1 71. Bh1 Bf2 72. Bb7 Bg1 73. Bh1 Bf2 74. Bb7 1/2-1/2


[Site "https://www.chess.com"]

[Event "Titled Tuesday Blitz July 6 2021"]
[White "Noritsyn, Nikolay"]
[Black "Omariev, Maksim"]
[WhiteFideId "2604922"]
[BlackFideId "4193423"]
[WhiteElo "2527"]
[BlackElo "2347"]
[Result "1-0"]
[Round "01"]
[TimeControl "180+1"]
[Date "2021.07.06"]
[WhiteClock "0:01:26"]
[BlackClock "0:00:02"]

1. Nf3 d5 2. d4 c6 3. c4 g6 4. Nc3 h6 5. e4 dxe4 6. Nxe4 Bg7 7. h3 Nd7 8. Be2 Ngf6 9. Nxf6+ Nxf6 10. O-O O-O 11. Qb3 b6 12. Bf4 Ne4 13. Rad1 Be6 14. Rfe1 Nd6 15. Ne5 Qc8 16. Qf3 Bxe5 17. dxe5 Nxc4 18. b3 Na3 19. Bxh6 Bd5 20. Qg3 Rd8 21. Bd3 Kh7 22. Qh4 Rh8 23. Bc1+ Kg8 24. Qg3 Bxg2 25. Kxg2 Nb5 26. e6 Kg7 27. Bb2+ f6 28. Qxg6+ Kf8 29. Qf7# 1-0


[Site "https://www.chess.com"]

[Event "Titled Tuesday Blitz July 6 2021"]
[White "Obolentseva, Alexandra"]
[Black "Yanchenko, Roman"]
[WhiteFideId "24153648"]
[BlackFideId "4137329"]
[WhiteElo "2113"]
[BlackElo "2514"]
[Result "0-1"]
[Round "01"]
[TimeControl "180+1"]
[Date "2021.07.06"]
[WhiteClock "0:00:46"]
[BlackClock "0:01:41"]

1. d4 d5 2. c4 c6 3. Nf3 Nf6 4. Nc3 g6 5. e3 Bg7 6. Bd3 O-O 7. O-O Bf5 8. Bxf5 gxf5 9. Qc2 e6 10. Ne5 Nbd7 11. Nxd7 Qxd7 12. b3 Ne4 13. Bb2 b5 14. Nxe4 fxe4 15. Rac1 bxc4 16. bxc4 Rfb8 17. Ba3 f5 18. cxd5 cxd5 19. Qc7 Rb7 20. Qxd7 Rxd7 21. Rc6 e5 22. dxe5 Bxe5 23. Rd1 Rad8 24. Bc5 d4 25. exd4 Bxd4 26. Bxd4 Rxd4 27. Rxd4 Rxd4 28. g4 f4 29. Rc8+ Kg7 30. Rc7+ Kg6 31. Rxa7 f3 32. h4 Rd1+ 33. Kh2 e3 34. Ra6+ Kf7 35. Ra7+ Ke6 36. Ra6+ Kd7 37. Ra7+ Kc6 38. fxe3 f2 39. Rf7 f1=Q 40. Rxf1 Rxf1 41. Kg2 Ra1 42. Kf3 Kd5 43. Kf4 Rxa2 44. Kg5 Ra4 45. h5 Ke5 46. Kh6 Rxg4 47. Kxh7 Kf6 48. h6 Kf7 49. e4 Rxe4 50. Kh8 Re3 51. Kh7 Re6 52. Kh8 Rxh6# 0-1


[Site "https://www.chess.com"]

[Event "Titled Tuesday Blitz July 6 2021"]
[White "Obregon, Andres Carlos"]
[Black "Tomiello, Lucas Costamilan"]
[WhiteFideId "111724"]
[BlackFideId "22701940"]
[WhiteElo "2572"]
[BlackElo "1945"]
[Result "1-0"]
[Round "01"]
[TimeControl "180+1"]
[Date "2021.07.06"]
[WhiteClock "0:01:30"]
[BlackClock "0:00:53"]

1. d4 Nf6 2. Bf4 g6 3. Nc3 d5 4. Nb5 Na6 5. e3 c6 6. Nc3 Nc7 7. Nf3 Bg7 8. h3 O-O 9. Bd3 Bf5 10. Bxf5 gxf5 11. g4 Ne6 12. Be5 Nd7 13. gxf5 Nxe5 14. Nxe5 Ng5 15. h4 Ne4 16. Nxe4 dxe4 17. Qg4 Kh8 18. Qxe4 c5 19. O-O-O cxd4 20. exd4 Rc8 21. Kb1 Qb6 22. Rhg1 a5 23. Nd7 Qb5 24. Nxf8 Rxf8 25. Qxe7 1-0


[Site "https://www.chess.com"]

[Event "Titled Tuesday Blitz July 6 2021"]
[White "Oganisian, Roman"]
[Black "Zubov, Alexander"]
[WhiteFideId "4153006"]
[BlackFideId "14109409"]
[WhiteElo "2204"]
[BlackElo "2740"]
[Result "0-1"]
[Round "01"]
[TimeControl "180+1"]
[Date "2021.07.06"]
[WhiteClock "0:00:04"]
[BlackClock "0:00:19"]

1. e4 c5 2. Nf3 e6 3. Nc3 a6 4. g4 d5 5. Bg2 Nc6 6. d3 d4 7. Ne2 e5 8. g5 h6 9. Ng3 hxg5 10. Bxg5 Be7 11. h4 Qb6 12. Qc1 c4 13. Bxe7 Ngxe7 14. Qg5 Qxb2 15. O-O cxd3 16. cxd3 Qb5 17. Nf5 Bxf5 18. exf5 f6 19. Qxg7 Rg8 20. Qxf6 Qd5 21. Ng5 e4 22. Bxe4 Qe5 23. Qf7+ Kd7 24. Qe6+ Qxe6 25. fxe6+ Kc7 26. f4 Rh8 27. f5 Rxh4 28. Nf3 Rf4 29. Nh2 Rg8+ 30. Kh1 Rh4 31. f6 Rgh8 32. Rf2 Nc8 33. f7 Rf8 34. Rg1 N8e7 35. Rg4 Rh6 36. Rfg2 Rxe6 37. Rg8 Rxf7 38. Nf3 Nxg8 39. Rxg8 Rxe4 0-1


[Site "https://www.chess.com"]

[Event "Titled Tuesday Blitz July 6 2021"]
[White "Ozen, Bahadir"]
[Black "Saksham, Rautela"]
[WhiteFideId "6337058"]
[BlackFideId "35046977"]
[WhiteElo "2503"]
[BlackElo "1990"]
[Result "1/2-1/2"]
[Round "01"]
[TimeControl "180+1"]
[Date "2021.07.06"]
[WhiteClock "0:01:31"]
[BlackClock "0:01:19"]

1. Nf3 Nf6 2. e3 e6 3. c4 d5 4. Nc3 Be7 5. b3 O-O 6. Bb2 c5 7. cxd5 Nxd5 8. Nxd5 Qxd5 9. Qc2 Nc6 10. Bc4 Qh5 11. O-O b6 12. d4 cxd4 13. Nxd4 Nxd4 14. Bxd4 Bb7 15. Qe2 Qxe2 16. Bxe2 Rac8 17. a4 Bb4 18. Bc4 Rfd8 19. Rfd1 Kf8 20. f3 Bd5 21. Bxd5 Rxd5 22. Rac1 1/2-1/2


[Site "https://www.chess.com"]

[Event "Titled Tuesday Blitz July 6 2021"]
[White "Pakleza, Zbigniew"]
[Black "Bryant, Jehron"]
[WhiteFideId "1119290"]
[BlackFideId "2044455"]
[WhiteElo "2526"]
[BlackElo "2405"]
[Result "1-0"]
[Round "01"]
[TimeControl "180+1"]
[Date "2021.07.06"]
[WhiteClock "0:00:16"]
[BlackClock "0:00:05"]

1. d4 e6 2. Nf3 Nf6 3. Bf4 d5 4. e3 Be7 5. Nbd2 Nbd7 6. h3 b6 7. Bd3 Bb7 8. O-O O-O 9. Qe2 a6 10. Bh2 c5 11. c3 Ne4 12. Rad1 cxd4 13. exd4 Ndf6 14. Nb3 Bd6 15. Ne5 Bc7 16. f3 Nd6 17. g4 Nd7 18. Nd2 b5 19. Nb3 Nc4 20. Nxd7 Qxd7 21. Nc5 Bxh2+ 22. Kxh2 Qc7+ 23. f4 Bc8 24. b3 Nd6 25. Qe5 Re8 26. Rde1 Ra7 27. Qh5 g6 28. Qe5 Qe7 29. g5 Nf5 30. Bxf5 exf5 31. Qxd5 Qxe1 32. Rxe1 Rxe1 33. Qd8+ Kg7 34. Nd3 Re2+ 35. Kg1 Rae7 36. Ne5 1-0


[Site "https://www.chess.com"]

[Event "Titled Tuesday Blitz July 6 2021"]
[White "Pavlidis, Anastasios"]
[Black "Bordi, Kevin"]
[WhiteFideId "4208404"]
[BlackFideId "621862"]
[WhiteElo "2136"]
[BlackElo "2751"]
[Result "0-1"]
[Round "01"]
[TimeControl "180+1"]
[Date "2021.07.06"]
[WhiteClock "0:02:08"]
[BlackClock "0:00:39"]

1. d4 d5 2. Nf3 Nf6 3. Bf4 e6 4. e3 Bd6 5. Bd3 Bxf4 6. exf4 O-O 7. O-O c5 8. c3 b6 9. Nbd2 Ba6 10. Bxa6 Nxa6 11. Qe2 Nb8 12. Ne5 Qc7 13. Rfe1 Nc6 14. Ndf3 Ne4 15. Nxc6 Qxc6 16. Ne5 Qc7 17. f3 Nd6 18. Rac1 Rac8 19. g3 cxd4 20. cxd4 Qxc1 21. Rxc1 Rxc1+ 22. Kg2 Rfc8 23. Kh3 h6 24. b3 Nf5 25. Qd3 R1c3 26. Qd2 Rc2 27. Qd3 Rxa2 28. Qb5 Rac2 29. Qd7 R2c7 30. Qa4 Nd6 31. Qa2 a5 32. Qb1 b5 33. Qa1 Ra7 34. g4 a4 35. bxa4 bxa4 36. Nd3 a3 37. f5 a2 38. Nb4 Rca8 39. Nxa2 Rxa2 40. Qe1 exf5 41. Qe5 fxg4+ 42. fxg4 Ne8 43. Qxd5 Nf6 44. Qb7 R8a3+ 45. Kh4 g5# 0-1


[Site "https://www.chess.com"]

[Event "Titled Tuesday Blitz July 6 2021"]
[White "Pesotskiy, Mikhail"]
[Black "Vogel, Roven"]
[WhiteFideId "34164453"]
[BlackFideId "12908088"]
[WhiteElo "2052"]
[BlackElo "2516"]
[Result "0-1"]
[Round "01"]
[TimeControl "180+1"]
[Date "2021.07.06"]
[WhiteClock "0:00:59"]
[BlackClock "0:00:11"]

1. c4 Nf6 2. d4 g6 3. Nc3 Bg7 4. e4 d6 5. f3 O-O 6. Be3 Nbd7 7. Bd3 a6 8. Nge2 c5 9. Qd2 b6 10. O-O cxd4 11. Nxd4 Bb7 12. Bh6 Rc8 13. Bxg7 Kxg7 14. b3 b5 15. cxb5 Qb6 16. Be2 e5 17. Na4 Qxd4+ 18. Qxd4 exd4 19. bxa6 Bc6 20. Rfd1 Bxa4 21. bxa4 d5 22. exd5 Nxd5 23. Rxd4 Nc3 24. Bb5 Nc5 25. Rc1 N5xa4 26. Rxa4 Nxb5 27. Rxc8 Rxc8 28. Rb4 Na7 29. Rb7 Ra8 30. a4 Nc8 31. Rc7 Nb6 32. a5 Nd5 33. Rd7 Nb4 34. a7 Nc6 35. a6 Nxa7 36. Rc7 Nc8 37. Kf2 Kf6 38. h4 h5 39. g4 Ke6 40. Kg3 Nd6 41. a7 hxg4 42. fxg4 Nb5 43. Rc6+ Kd7 44. Rf6 Nd6 45. h5 gxh5 46. gxh5 Ne4+ 47. Kf4 Nxf6 48. Kg5 Ke6 49. h6 Rxa7 50. h7 Nxh7+ 51. Kh6 Nf6 52. Kg7 Ra8 53. Kh6 Rh8+ 54. Kg7 Rg8+ 55. Kh6 Rg6# 0-1


[Site "https://www.chess.com"]

[Event "Titled Tuesday Blitz July 6 2021"]
[White "Petriashvili, Nikoloz"]
[Black "Sviridova, Vlada"]
[WhiteFideId "13611216"]
[BlackFideId "24109606"]
[WhiteElo "2430"]
[BlackElo "2101"]
[Result "1-0"]
[Round "01"]
[TimeControl "180+1"]
[Date "2021.07.06"]
[WhiteClock "0:00:23"]
[BlackClock "0:00:13"]

1. e4 e6 2. d4 d5 3. Nd2 c5 4. Ngf3 cxd4 5. Nxd4 Nc6 6. Nxc6 bxc6 7. Bd3 Bd6 8. O-O Ne7 9. b3 Ng6 10. Bb2 O-O 11. g3 e5 12. Re1 d4 13. Qh5 Be6 14. Nc4 Bc7 15. Ba3 Re8 16. Rf1 Qd7 17. f3 Kh8 18. Rae1 f6 19. g4 Nf4 20. Qh4 g5 21. Qh6 Qf7 22. h4 Rg8 23. hxg5 Rg6 24. Qh2 Rxg5 25. Kf2 Rag8 26. Bc1 Nxd3+ 27. cxd3 R5g6 28. Rh1 Rd8 29. Qh5 Kg8 30. Rh4 Rd7 31. Reh1 Bxc4 32. bxc4 Bd6 33. Qf5 Bf8 34. Rxh7 Qxh7 35. Rxh7 Rxh7 36. Qxg6+ 1-0


[Site "https://www.chess.com"]

[Event "Titled Tuesday Blitz July 6 2021"]
[White "Petukhov, Dmitry"]
[Black "Stremavicius, Titas"]
[WhiteFideId "4142748"]
[BlackFideId "12804444"]
[WhiteElo "2356"]
[BlackElo "2437"]
[Result "1-0"]
[Round "01"]
[TimeControl "180+1"]
[Date "2021.07.06"]
[WhiteClock "0:00:40"]
[BlackClock "0:00:03"]

1. e4 c6 2. d4 d5 3. Nd2 dxe4 4. Nxe4 Nf6 5. Nxf6+ exf6 6. c3 Bd6 7. Bd3 O-O 8. Qh5 Re8+ 9. Ne2 g6 10. Qh4 Na6 11. O-O Nc7 12. Re1 Be6 13. Bf4 f5 14. Bg5 Be7 15. Bxe7 Qxe7 16. Qxe7 Rxe7 17. f3 Rae8 18. Kf2 Kg7 19. b3 g5 20. f4 h6 21. Ng3 Kg6 22. Re5 f6 23. Rxf5 Bxf5 24. Nxf5 Kf7 25. Nd6+ Kf8 26. Nxe8 Rxe8 27. fxg5 hxg5 28. Re1 Rd8 29. Be4 Nb5 30. Re3 Re8 31. Kf3 Nd6 32. Bd3 Rd8 33. g3 Kf7 34. h4 gxh4 35. gxh4 Rh8 36. Kg4 Rg8+ 37. Kf4 Rg1 38. Rh3 Kg7 39. Rg3+ Rxg3 40. Kxg3 Kh6 41. Kf4 Kh5 42. Kg3 b6 43. Be2+ Kg6 44. Kf4 Kh6 45. a4 a5 46. b4 Kg6 47. Bf3 b5 48. bxa5 bxa4 49. Bxc6 a3 50. Bd5 Nb5 51. Bc4 Nxc3 52. a6 Nb5 53. Ba2 Na7 54. d5 Kf7 55. h5 Kg7 56. d6 Kf8 57. h6 Nb5 58. d7 1-0


[Site "https://www.chess.com"]

[Event "Titled Tuesday Blitz July 6 2021"]
[White "Plat, Vojtech"]
[Black "Rodrigues, Bruno Morado"]
[WhiteFideId "325740"]
[BlackFideId "2115654"]
[WhiteElo "2486"]
[BlackElo "2040"]
[Result "1-0"]
[Round "01"]
[TimeControl "180+1"]
[Date "2021.07.06"]
[WhiteClock "0:00:14"]
[BlackClock "0:00:14"]

1. e4 c5 2. Nf3 Nc6 3. c3 d5 4. exd5 Qxd5 5. d4 Bg4 6. Be2 e6 7. h3 Bh5 8. c4 Qd6 9. d5 exd5 10. cxd5 Bxf3 11. Bxf3 Nd4 12. O-O Nf6 13. Nc3 Be7 14. Be3 Nxf3+ 15. Qxf3 O-O 16. Rad1 Rfe8 17. Bf4 Qd7 18. d6 Bf8 19. Nd5 Nxd5 20. Rxd5 Re6 21. Rfd1 Rc8 22. Qa3 b6 23. Bg3 g6 24. h4 f5 25. h5 Re4 26. hxg6 hxg6 27. Qf3 Rce8 28. Bf4 Bg7 29. b3 Bd4 30. g3 Re1+ 31. Kg2 Qh7 32. g4 Qh1+ 33. Kg3 Qxf3+ 34. Kxf3 Rxd1 35. d7 Rd8 36. Bc7 Rxd7 37. Rxd7 Rd2 38. Bg3 Rxa2 39. gxf5 gxf5 40. b4 Kf8 41. bxc5 bxc5 42. Rb7 c4 43. Rb4 Rd2 44. Rxc4 Bb6 45. Rf4 Rd5 46. Rc4 Ke7 47. Bf4 Ke6 48. Rc6+ Kd7 49. Rf6 Ke7 50. Rc6 Kd7 51. Rf6 Ke7 52. Rc6 Rd3+ 53. Be3 Rb3 54. Kf4 Kd7 55. Rf6 Bxe3+ 56. fxe3 a5 57. Rxf5 a4 58. Ra5 a3 59. e4 Ke6 60. Ra6+ Ke7 61. Kf5 Rf3+ 62. Ke5 Rb3 63. Ra7+ Ke8 64. Kf5 Rf3+ 65. Ke6 Rd3 66. Ra8+ Rd8 67. Rxa3 Rb8 68. Ra6 Rc8 69. e5 Rb8 70. Kf6 Rb1 71. Ra8+ Kd7 72. e6+ Kd6 73. Rd8+ Kc7 74. e7 Rf1+ 75. Kg5 Rg1+ 76. Kf4 Re1 77. e8=Q Rxe8 1-0


[Site "https://www.chess.com"]

[Event "Titled Tuesday Blitz July 6 2021"]
[White "Plotnikov, Pavel"]
[Black "Naroditsky, Daniel"]
[WhiteFideId "4170342"]
[BlackFideId "2026961"]
[WhiteElo "2298"]
[BlackElo "2608"]
[Result "0-1"]
[Round "01"]
[TimeControl "180+1"]
[Date "2021.07.06"]
[WhiteClock "0:00:48"]
[BlackClock "0:00:57"]

1. e4 c6 2. d4 d5 3. e5 c5 4. c4 e6 5. Nf3 cxd4 6. Nxd4 Nc6 7. Nc3 Bb4 8. Nxc6 bxc6 9. Qg4 Bf8 10. Bg5 Qb6 11. O-O-O Rb8 12. b3 Qa5 13. Bd2 h5 14. Qe2 Bb4 15. Kb2 Ne7 16. Na4 Bxd2 17. Qxd2 Qxa4 18. Rc1 Qb4 19. Qc2 Ng6 20. cxd5 cxd5 21. Qc7 O-O 22. Be2 Qd4+ 23. Kb1 Qxe5 24. Qxe5 Nxe5 25. Bxh5 Ba6 26. Rc7 g6 27. Bd1 Rb7 28. Rc3 d4 29. Rh3 Rc8 30. f4 Nd7 31. Bf3 Rbc7 32. Kb2 Rc2+ 33. Ka3 R8c5 0-1


[Site "https://www.chess.com"]

[Event "Titled Tuesday Blitz July 6 2021"]
[White "Pohjala, Henri"]
[Black "Petrova, Irina"]
[WhiteFideId "506478"]
[BlackFideId "14124122"]
[WhiteElo "2365"]
[BlackElo "2022"]
[Result "1-0"]
[Round "01"]
[TimeControl "180+1"]
[Date "2021.07.06"]
[WhiteClock "0:00:31"]
[BlackClock "0:00:21"]

1. d4 d6 2. b3 e5 3. dxe5 dxe5 4. Qxd8+ Kxd8 5. Bb2 f6 6. Nd2 Be6 7. O-O-O Nd7 8. e3 Bb4 9. Ngf3 Ne7 10. Bc4 Bg4 11. h3 Bh5 12. Ne4 Ke8 13. Be6 Nc5 14. Nxc5 Bxc5 15. g4 Bg6 16. Nh4 Be4 17. Rhe1 Bd6 18. f4 g5 19. fxg5 fxg5 20. Nf5 Nxf5 21. Bxf5 Bxf5 22. gxf5 Ke7 23. e4 Rag8 24. Rd3 h5 25. Rg1 Kf6 26. Rd5 g4 27. hxg4 hxg4 28. c4 b6 29. b4 g3 30. c5 bxc5 31. bxc5 g2 32. cxd6 Rh1 33. Bxe5+ Kf7 34. Rdd1 Rxg1 35. Rxg1 cxd6 36. Bxd6 Rg4 37. e5 Rf4 38. e6+ 1-0


[Site "https://www.chess.com"]

[Event "Titled Tuesday Blitz July 6 2021"]
[White "Politov, Pavel Y."]
[Black "Leitao, Rafael"]
[WhiteFideId "24110515"]
[BlackFideId "2101246"]
[WhiteElo "2090"]
[BlackElo "2609"]
[Result "0-1"]
[Round "01"]
[TimeControl "180+1"]
[Date "2021.07.06"]
[WhiteClock "0:01:17"]
[BlackClock "0:01:15"]

1. e4 e5 2. Nf3 Nc6 3. d4 exd4 4. Nxd4 Nf6 5. Nxc6 bxc6 6. e5 Qe7 7. Qe2 Nd5 8. c4 Ba6 9. Nd2 g6 10. Qe4 Nb6 11. b3 Bg7 12. Bb2 d5 13. Qf4 O-O 14. O-O-O Rfe8 15. Nf3 dxc4 16. Kb1 Nd5 17. Qc1 Nb6 18. bxc4 Na4 19. Ba3 Rab8+ 20. Ka1 Bxe5+ 21. Nxe5 Qxe5+ 22. Qc3 Qxc3+ 23. Bb2 Qxb2# 0-1


[Site "https://www.chess.com"]

[Event "Titled Tuesday Blitz July 6 2021"]
[White "Praveen, Kumar C"]
[Black "Colas, Joshua"]
[WhiteFideId "5007372"]
[BlackFideId "2044447"]
[WhiteElo "2236"]
[BlackElo "2347"]
[Result "0-1"]
[Round "01"]
[TimeControl "180+1"]
[Date "2021.07.06"]
[WhiteClock "0:01:14"]
[BlackClock "0:01:30"]

1. d4 d5 2. c4 e6 3. Nf3 Nf6 4. g3 dxc4 5. Bg2 a6 6. O-O Nc6 7. a4 Rb8 8. Qc2 b5 9. Rd1 Bb7 10. Nc3 Nb4 11. Qd2 Be7 12. axb5 axb5 13. Nxb5 Bxf3 14. Bxf3 Rxb5 15. Qc3 O-O 16. Qxc4 Rb8 17. Bf4 Nbd5 18. Be5 Rxb2 19. e4 Nb6 20. Qc3 Rb4 21. Bxf6 gxf6 22. e5 f5 23. d5 Nxd5 24. Bxd5 exd5 25. Qf3 c6 26. Qxf5 Qc8 27. Qc2 Rc4 28. Qd2 Qf5 29. Ra7 Rc2 30. Qe3 Bc5 0-1


[Site "https://www.chess.com"]